 Dungeon Crawl Stone Soup version 0.18-a0-1745-gffa9a88 (webtiles) character file.

27 4thArraOfDagon the Chopper (level 2, 0/22 HPs)
             Began as a Mummy Gladiator on Apr 11, 2016.
             Slain by a scorpion (1 damage)
             ... on level 3 of the Dungeon.
             The game lasted 00:02:37 (458 turns).

4thArraOfDagon the Chopper (Mummy Gladiator)         Turns: 458, Time: 00:02:38

Health: 0/22       AC: 12    Str: 18    XL:     2   Next: 93%
Magic:  2/2        EV:  5    Int:  7    God:
Gold:   40         SH:  0    Dex: 12    Spells: 0 memorised, 1 level left

rFire  x . .     SeeInvis .     a - +0 war axe
rCold  + . .     Gourm    .     e - +1 plate armour
rNeg   + + +     Faith    .     (no shield)
rPois  ∞         Spirit   .     c - +0 helmet
rElec  .         Dismiss  .     (no cloak)
rCorr  .         Reflect  .     (no gloves)
SustAt .         Harm     .     (no boots)
MR     .....                    (no amulet)
Stlth  ..........               (no ring)
                                (no ring)

@: not resistant to hostile enchantments, extremely unstealthy
A: no food or potions, fire vulnerability, cold resistance 1, negative energy
resistance 3, torment resistance, unbreathing
a: no special abilities


You were on level 3 of the Dungeon.
You were not hungry.

You visited 1 branch of the dungeon, and saw 4 of its levels.

You collected 40 gold pieces.

Inventory:

Hand Weapons
 a - a +0 war axe (weapon)
Missiles
 d - 3 throwing nets (quivered)
Armour
 c - a +0 helmet (worn)
 e - a +1 plate armour (worn)
Scrolls
 b - a scroll of teleportation {unknown}
 f - a scroll of identify {unknown}


   Skills:
 - Level 2.0 Fighting
 * Level 3.2 Axes
 - Level 1.5 Throwing
 + Level 0.8 Armour
 - Level 2.4 Dodging


You had one spell level left.
You didn't know any spells.

Dungeon Overview and Level Annotations

Branches:
Dungeon (4/15)
 Temple: D:4-7

Altars:

Annotations:
D:4 Robin


Innate Abilities, Weirdness & Mutations

You do not eat or drink.
Your flesh is vulnerable to fire.
You are immune to poison.
Your flesh is cold resistant.
You are immune to negative energy.
You are immune to unholy pain and torment.
You can survive without breathing.


Message History

The goblin hits you but does no damage. The scorpion completely misses you.
The goblin hits you but does no damage.
Unknown command.
You barely miss the hobgoblin.
The hobgoblin is heavily wounded.
Your plate armour prevents you from hitting the goblin.
The goblin is moderately wounded.
You hit the scorpion.
The scorpion is severely wounded.
You miss the goblin. You closely miss the goblin.
The goblin hits you but does no damage. The hobgoblin hits you.
* * * LOW HITPOINT WARNING * * *
The goblin hits you with a dagger.
* * * LOW HITPOINT WARNING * * *
The scorpion stings you but does no damage.
The goblin barely misses you. The goblin hits you.
* * * LOW HITPOINT WARNING * * *
The hobgoblin hits you but does no damage.
The scorpion stings you.
You die...

### ### #.# #.# #.# #.#
#.#########.######
#######.................
.....ggg###############+
######g@# ###### #... #.#
#gs# #....# ##...
##########.####..###....#
#....
..................##..).#
#.##+
######.......##...##....#
#.##.
##.##.#.##...##....#+###.##.
#.##.#.##...##........#.##.
#.##........##........#.##.
#.##.#.##...##........#.##.


You could see a scorpion, a hobgoblin and 4 goblins.

Vanquished Creatures
  An adder (D:2)
  An ooze (D:1)
  A worm (D:3)
  4 kobolds
  3 bats
  3 goblins (D:3)
  A rat (D:1)
14 creatures vanquished.

Notes
Turn   | Place    | Note
--------------------------------------------------------------
     0 | D:1      | 4thArraOfDagon the Mummy Gladiator began the quest for the Orb.
     0 | D:1      | Reached XP level 1. HP: 16/16 MP: 1/1
   124 | D:2      | Reached XP level 2. HP: 11/22 MP: 2/2
   223 | D:1      | Reached skill level 3 in Axes
   401 | D:4      | Noticed Robin
   401 | D:4      | Noticed a scorpion
   458 | D:3      | HP: 1/22 [goblin[Robin] (2)]
   458 | D:3      | Slain by a scorpion

Vault maps used:
D:1:      dpeg_arrival_erosion
D:2:      minmay_door_path, kennysheep_cluttered_room
D:3:      old_standard_altar, first_bread, kennysheep_doodads,
          hangedman_decor_lopped
D:4:      serial_column_ruins, column_ruins_square_large, column_ruins_grid_3,
          column_ruins_open_tiny, column_ruins_grid_1, st_stairs_9,
          uniq_eustachio, uniq_pikel, uniq_robin, uniq_sigmund

Skill      XL: |  1  2 |
---------------+-------+-----
Axes           | 3 |  3.2
Fighting       | |  2.0
Throwing       | |  1.5
Armour         | |  0.8
Dodging        | |  2.4

Action                   || total
-------------------------++-------
Melee: War axe           ||    39
  Use: Scroll            ||     1
